 Dungeon Crawl Stone Soup version 0.25.0-9-g26727b657a (webtiles) character file.

Game seed: 6293795187597198780

257 funkygono the Shield-Bearer (level 6, 0/39 HPs)
             Began as a Gargoyle Fighter on June 21, 2020.
             Slain by Sigmund
             ... wielding a +0 scythe
              (2 damage)
             ... on level 3 of the Dungeon.
             The game lasted 00:05:21 (3001 turns).

funkygono the Shield-Bearer (Gargoyle Fighter)      Turns: 3001, Time: 00:05:21

Health: 0/39       AC: 14    Str: 20    XL:     6   Next: 16%
Magic:  6/6        EV:  8    Int: 10    God:
Gold:   183        SH: 11    Dex:  9    Spells: 5/5 levels left

rFire    . . .     SeeInvis .   a - +0 flail
rCold    . . .     Gourm    .   c - +1 kite shield
rNeg     + + .     Faith    .   b - +0 scale mail
rPois    ∞         Spirit   .   (no helmet)
rElec    +         Reflect  .   (no cloak)
rCorr    .         Harm     .   n - +2 pair of gloves
MR       .....                  (no boots)
Stlth    ..........             (no amulet)
HPRegen  0.13/turn              i - ring of positive energy
MPRegen  0.10/turn              (no ring)

@: no status effects
A: negative energy resistance 1, electricity resistance, unbreathing,
petrification resistance, rot immunity, AC +4
a: no special abilities


You were on level 3 of the Dungeon.
You were hungry.

You visited 1 branch of the dungeon, and saw 3 of its levels.

You collected 183 gold pieces.

Inventory:

Hand Weapons
 a - a +0 flail (weapon)
Missiles
 l - 64 stones (quivered)
Armour
 b - a +0 scale mail (worn)
 c - a +1 kite shield (worn)
 n - a +2 pair of gloves (worn)
 q - a +0 chain mail
Jewellery
 i - a ring of positive energy (left hand)
Wands
 j - a wand of random effects (12)
Scrolls
 k - a scroll of fog
Potions
 d - 2 potions of might
 e - a potion of degeneration {unknown}
 g - 2 potions of haste {unknown}
 m - 2 potions of curing {unknown}
 o - a potion of resistance {unknown}
 p - a potion of flight {unknown}
Comestibles
 f - 7 rations


   Skills:
 + Level 4.6 Fighting
 - Level 2.0 Maces & Flails
 * Level 4.4 Armour
 + Level 0.5 Dodging
 * Level 5.7 Shields


You had 5 spell levels left.
You didn't know any spells.
Your spell library was empty.

Dungeon Overview and Level Annotations

Branches:
Dungeon (3/15)

Altars:

Annotations:
D:3 Sigmund


Innate Abilities, Weirdness & Mutations

You are resistant to torment.
Your stone body is resilient. (AC +4)
You are immune to poison.
You resist negative energy. (rN+)
You are resistant to electric shocks. (rElec)
You can survive without breathing.
You are immune to petrification.
You are immune to rotting.


Message History

Your shield and scale mail prevent you from hitting the goblin.
Something hits you. You block the goblin's attack.
You sock the goblin!
You kill the goblin!
Something hits you! Something hits you but does no damage.
Things that are here:
a goblin corpse; a jackal corpse You barely miss something.
Something hits you.
Your shield and scale mail prevent you from hitting something.
Something hits you but does no damage.
You barely miss something. You barely miss something.
Something hits you but does no damage.
Your shield and scale mail prevent you from hitting something.
Something hits you.
* * * LOW HITPOINT WARNING * * *
You closely miss something. Something hits you!
* * * LOW HITPOINT WARNING * * *
You closely miss something. Something hits you.
You die...

########
########......#
..............#
.............{####
..###...###..h†.h#
..# #...# #...##{#
..###...###...##@#
.....g.h....h.##.#
..............##.#
..............##.#
..###...###...##.#
..# #...# #....#.##
..###...###....#..#
...............##.#
.............####.#


You could see a jackal.

Vanquished Creatures
  An orc priest (D:3)
  Natasha (thrice) (D:2)
  5 adders
  6 worms
  4 dart slugs
  3 leopard geckos
  5 orcs (D:3)
  4 bats
  4 giant cockroaches
  6 goblins
  9 hobgoblins
  9 jackals
  3 frilled lizards
  4 kobolds
  11 rats
77 creatures vanquished.

Notes
Turn   | Place    | Note
-------+----------+-------------------------------------------
     0 | D:1      | funkygono the Gargoyle Fighter began the quest for the Orb.
     0 | D:1      | Reached XP level 1. HP: 14/14 MP: 1/1
    54 | D:1      | Reached XP level 2. HP: 16/19 MP: 2/2
   365 | D:1      | Reached skill level 4 in Shields
   507 | D:1      | Reached XP level 3. HP: 23/23 MP: 3/3
  1060 | D:2      | Noticed Natasha
  1078 | D:2      | Killed Natasha
  1078 | D:2      | Reached XP level 4. HP: 18/29 MP: 4/4
  1221 | D:2      | Noticed Natasha
  1231 | D:2      | Killed Natasha
  1303 | D:2      | Reached XP level 5. HP: 33/34 MP: 5/5
  1466 | D:2      | Reached skill level 5 in Shields
  2087 | D:2      | Noticed Natasha
  2097 | D:2      | Killed Natasha
  2606 | D:3      | Reached XP level 6. HP: 3/39 MP: 6/6
  2939 | D:3      | Noticed Sigmund
  3001 | D:3      | Slain by Sigmund

Illustrated notes

Levels and vault maps discovered:
D:1:      minmay_arrival_hallway, layout_loops_ring, st_stairs_4
D:2:      layout_basic, hangedman_abyss_or_decor_stabs, minmay_cupped,
          uniq_natasha
D:3:      layout_loops_ring, kennysheep_ying_yang, minmay_misc_feat_plants,
          kennysheep_boxes, uniq_sigmund

Skill      XL: |  1  2  3  4  5 |
---------------+----------------+-----
Shields        | 4 5 |  5.7
Fighting       | 4 |  4.6
Armour         | 4 |  4.4
Maces & Flails | |  2.0
Dodging        | |  0.5

Action                   |  1- 3 |  4- 6 || total
-------------------------+-------+-------++-------
Melee: Flail             |   132 |   255 ||   387
  Use: Scroll            |     4 |     3 ||     7
  Eat: Chunk             |     1 |     6 ||     7
Armor: Scale mail        |    78 |   149 ||   227
Dodge: Dodged            |    62 |    77 ||   139
Block: Kite shield       |    85 |   155 ||   240
